 Dungeon Crawl Stone Soup version 0.27-a0-1442-g87b6fcb595 (webtiles) character file.

Game seed: 172357390373923888

16 dolemite99 the Twirler (level 2, -6/25 HPs)
             Began as a Minotaur Gladiator on July 5, 2021.
             Mangled by a gnoll (7 damage)
             ... on level 1 of the Dungeon.
             The game lasted 00:00:28 (235 turns).

dolemite99 the Twirler (Minotaur Gladiator)          Turns: 235, Time: 00:00:28

Health: -6/25      AC:  5    Str: 18    XL:     2   Next: 37%
Magic:  1/1        EV: 11    Int:  5    God:
Gold:   16         SH:  0    Dex: 11    Spells: 1/1 levels left

rFire    . . .     SeeInvis .   a - +0 quarterstaff
rCold    . . .     Faith    .   (shield currently unavailable)
rNeg     . . .     Spirit   .   g - +0 ring mail
rPois    .         Reflect  .   c - +0 hat
rElec    .         Harm     .   (no cloak)
rCorr    .         Rampage  .   (no gloves)
Will     .....                  (no boots)
Stlth    +.........             (no amulet)
HPRegen  0.08/turn              (no ring)
MPRegen  0.07/turn              (no ring)

@: no status effects
A: horns 2, retaliatory headbutt
a: no special abilities


You were on level 1 of the Dungeon.
You visited 1 branch of the dungeon, and saw 1 of its levels.

You collected 16 gold pieces.

Inventory:

Hand Weapons
 a - a +0 quarterstaff (weapon)
Missiles
 d - 3 throwing nets (quivered)
 h - 21 stones
 k - 25 sling bullets
Armour
 b - a +0 leather armour
 c - a +0 hat (worn)
 g - a +0 ring mail (worn)
Scrolls
 e - a scroll of immolation {unknown}
 i - a scroll of identify {unknown}
 j - 2 scrolls of enchant weapon {unknown}
Potions
 f - a potion of berserk rage {unknown}


   Skills:
 - Level 2.4 Fighting
 + Level 4.6 Staves
 - Level 2.0 Throwing
 - Level 3.2 Dodging


You had one spell level left.
You didn't know any spells.
Your spell library was empty.

Dungeon Overview and Level Annotations

Branches:
Dungeon (1/15)

Altars:


Innate Abilities, Weirdness & Mutations

You have a pair of horns on your head.
You reflexively headbutt those who attack you in melee.


Message History

The giant cockroach bites you but does no damage.
You hit the giant cockroach but do no damage.
The giant cockroach closely misses you. The giant cockroach barely misses you.
The quokka barely misses you.
You hit the quokka.
The quokka is almost dead.
The giant cockroach closely misses you. The quokka barely misses you.
You thump the quokka!
You kill the quokka!
The giant cockroach bites you.
You hit the giant cockroach but do no damage.
You headbutt the giant cockroach.
You kill the giant cockroach!
No target in view!
No target in view!
You see here a giant cockroach corpse.
j - a scroll labelled JOYNES VURA
Found a scroll labelled JOYNES VURA.
You see here 25 sling bullets.
k - 25 sling bullets
Found a stone staircase leading down.
Found a scale mail and a leather armour.
A gnoll comes into view. It is wielding a +0 flail.
Found a scroll labelled CADOIL ZIKKINT.
You see here a scroll labelled JOYNES VURA.
j - 2 scrolls labelled JOYNES VURA (gained 1)
The gnoll barely misses you.
You barely miss the gnoll. The gnoll hits you with a +0 flail.
Your ring mail prevents you from hitting the gnoll.
The gnoll hits you with a +0 flail!
You barely miss the gnoll. Your headbutt misses the gnoll.
The gnoll hits you with a +0 flail!
* * * LOW HITPOINT WARNING * * *
You sock the gnoll!
The gnoll is severely wounded.
The gnoll closely misses you.
You barely miss the gnoll.
The gnoll is severely wounded.
The gnoll hits you with a +0 flail!
You die...

.?.... ##. ......# ....
........# ..# #..>.....#
..##.. ... ...# .##..#
##.###.#####
......##..........# #
....#.............##...#
..#.............@......#
..##............g.##...#
..................# ..#
..#........##.#.### .#
..........###.#...
.###.......##.......
...........##.....[.
###........#........
#.......## ...[


You could see a gnoll.

Vanquished Creatures
  3 bats (D:1)
  2 endoplasms (D:1)
  2 giant cockroaches (D:1)
  A goblin (D:1)
  2 hobgoblins (D:1)
  A quokka (D:1)
  A kobold (D:1)
  A rat (D:1)
13 creatures vanquished.

Notes
Turn   | Place    | Note
-------+----------+-------------------------------------------
     0 | D:1      | dolemite99 the Minotaur Gladiator began the quest for the
                  | Orb.
     0 | D:1      | Reached XP level 1. HP: 18/18 MP: 0/0
    49 | D:1      | Reached skill level 4 in Staves
   141 | D:1      | Reached XP level 2. HP: 25/25 MP: 1/1
   233 | D:1      | HP: 1/25 [gnoll (12)]
   235 | D:1      | Mangled by a gnoll

Illustrated notes

Levels and vault maps discovered:
D:1:      ebering_trefoil_twist, layout_rooms

Skill      XL: |  1 |
---------------+----+-----
Staves         | 4 |  4.6
Fighting       | |  2.4
Throwing       | |  2.0
Dodging        | |  3.2

Action                   || total
-------------------------++-------
Melee: Quarterstaff      ||    23
       Headbutt          ||     3
Armor: Leather armour    ||     4
       Ring mail         ||     6
Dodge: Dodged            ||    17

Table legend: (Time is in decaauts)
 A = Elapsed time spent in this place.
 B = Non-inter-level travel time spent in this place.
 C = Inter-level travel time spent in this place.
 D = Time resting spent in this place.
 E = Time spent auto-exploring this place.
 F = Levels seen in this place.
 G = Mean time per level.
                   A        B        C        D        E       F      G
               +--------+--------+--------+--------+--------+-----+--------+
         Total |    236 |    236 |      0 |      0 |    109 |   1 |  236.0 |
       Dungeon |    236 |    236 |      0 |      0 |    109 |   1 |  236.0 |
               +--------+--------+--------+--------+--------+-----+--------+

Top non-repeatable levels by time:
     D:1: 236 daAuts
